 Dungeon Crawl Stone Soup version 0.29.1-2-gbd0b4ee654 (webtiles) character file.

Game seed: 68569407983435977

118 safid the Shooter (level 4, -3/61 HPs)
             Began as a Minotaur Hunter on Nov 17, 2022.
             Killed by divine providence
             ... invoked by an orc priest
              (17 damage)
             ... on level 3 of the Dungeon.
             The game lasted 00:03:14 (1899 turns).

safid the Shooter (Minotaur Hunter)                 Turns: 1899, Time: 00:03:14

Health: -3/61      AC: 22    Str: 16    XL:     4   Next: 72%
Magic:  3/3        EV:  2    Int:  6    God:
Gold:   153        SH:  0    Dex: 15    Spells: 3/3 levels left

rFire   . . .      SeeInvis .   a - +0 shortbow
rCold   . . .      Faith    .   (shield currently unavailable)
rNeg    . . .      Spirit   .   (body armour currently unavailable)
rPois   +          Reflect  .   (helmet currently unavailable)
rElec   .          Harm     .   (cloak currently unavailable)
rCorr   .          Rampage  .   (gloves currently unavailable)
Will    .....      NoTele   +   (boots currently unavailable)
Stlth   ++........              (no amulet)
HPRegen 0.20/turn               (no ring)
MPRegen 0.08/turn               (no ring)

@: tree-form
A: stationary, stasis, torment immunity, boosted hp, (horns 2), (retaliatory
headbutt)
a: no special abilities


You were on level 3 of the Dungeon.
You were a tree.
You visited 1 branch of the dungeon, and saw 3 of its levels.

You collected 153 gold pieces.

Inventory:

Hand Weapons
 a - a +0 shortbow (weapon)
Armour
 c - a +0 leather armour (melded)
 l - the +0 pair of gloves "Qateepn" (melded) {rPois}
   (You found it on level 2 of the Dungeon)

   rPois:     It protects you from poison.
Scrolls
 b - a scroll of immolation
 d - 3 scrolls of identify {unknown}
 e - a scroll of summoning {unknown}
 h - a scroll of teleportation {unknown}
 j - a scroll of vulnerability {unknown}
 n - a scroll of torment {unknown}
 p - a scroll of noise {unknown}
Potions
 f - a potion of haste {unknown}
 g - a potion of attraction {unknown}
 i - a potion of lignification
 k - a potion of magic {unknown}
 m - a potion of curing
 o - a potion of ambrosia {unknown}


   Skills:
 + Level 4.6 Fighting
 + Level 5.6 Ranged Weapons
 - Level 2.1 Dodging
 - Level 0.7 Stealth


You had 3 spell levels left.
You didn't know any spells.
Your spell library contained the following spells:

 Spells                   Type           Power      Damage    Failure   Level
 Slow                     Hex            0%         N/A       45%         1
 Sublimation of Blood     Necr           0%         N/A       58%         2
 Wereblood                Tmut           0%         N/A       58%         2
 Confusing Touch          Hex            0%         N/A       83%         3
 Vampiric Draining        Necr           0%         2d6       83%         3
 Summon Hydra             Summ           0%         N/A       100%        7


Dungeon Overview and Level Annotations

Branches:
Dungeon (3/15)

Altars:

Annotations:
D:3 Sabo's ghost, amateur DrBe


Innate Abilities, Weirdness & Mutations

You are a tree.
Your roots penetrate the ground, keeping you stationary.
You cannot be teleported.
You are immune to unholy pain and torment.
Your maximum health is greatly increased.
Your equipment is partially melded.
((You have a pair of horns on your head.))
((You reflexively headbutt those who attack you in melee.))


Message History

You shoot an arrow.
The arrow hits the orc priest but does no damage.
The orc priest is heavily wounded.
The orc priest hits you but does no damage.
Unknown command.
Fire: a) +0 shortbow
Press: ? - help, Q - select action Shift-Dir - straight line, f/p - orc priest
Aim: an orc priest, wielding a +0 club and wearing a +0 ring mail (heavily wounded, 66% to hit)
You shoot an arrow. The arrow hits the orc priest.
The orc priest is severely wounded.
The orc priest hits you but does no damage.
Fire: a) +0 shortbow
Press: ? - help, Q - select action Shift-Dir - straight line, f/p - orc priest
Aim: an orc priest, wielding a +0 club and wearing a +0 ring mail (severely wounded, 66% to hit)
You shoot an arrow. The arrow hits the orc priest.
The orc priest is almost dead.
The orc priest hits you but does no damage.
Fire: a) +0 shortbow
Press: ? - help, Q - select action Shift-Dir - straight line, f/p - orc priest
Aim: an orc priest, wielding a +0 club and wearing a +0 ring mail (almost dead, 66% to hit)
You shoot an arrow.
The arrow hits the orc priest but does no damage.
The orc priest is almost dead.
The orc priest mumbles some strange prayers to Beogh against you.
Beogh smites you!
* * * LOW HITPOINT WARNING * * *
The orc priest looks encouraged for a moment.
The orc priest completely misses you.
The orc priest calls upon Beogh to heal the orc priest.
The orc priest is healed somewhat.
Fire: a) +0 shortbow
Press: ? - help, Q - select action Shift-Dir - straight line, f/p - orc priest
Aim: an orc priest, wielding a +0 club and wearing a +0 ring mail (heavily wounded, 66% to hit)
You shoot an arrow.
The arrow completely misses the orc priest.
The arrow hits the goblin!
You kill the goblin!
The orc priest invokes the aid of Beogh against you.
Beogh smites you!
You die...

#.#..# .o#..## ##... #.#..#
.g#...####...# #.#..#
.g#...'....... #.##.##
##.##...####...#
#..#..######go#...## #.†...
##.#.......oo##..## #.####
#.........###...# #.####
##.....o###...### #.#...
#.#...)o♣..#.# #.#.##
#.##########.# #.#.##
####.### ##.## #.#.##
#......# ##...## #.....
#.##.#.# ##.....# ###.##
#.##.#.#####.....########.#
#.##............###.......#
#.####.####......>..#######
#.....)# ########..#


You could see 2 orc priests.

Vanquished Creatures
  A gnoll (D:1)
  4 adders
  A worm (D:2)
  A dart slug (D:2)
  An orc (D:3)
  7 ball pythons
  3 bats
  3 endoplasms
  A giant cockroach (D:1)
  9 hobgoblins
  8 jackals
  4 frilled lizards
  7 goblins
  4 kobolds
  11 rats
65 creatures vanquished.

Vanquished Creatures (others)
  6 demonic plants (D:1)
  3 withered plants (D:1)
9 creatures vanquished.

Grand Total: 74 creatures vanquished

Notes
Turn   | Place    | Note
-------+----------+-------------------------------------------
     0 | D:1      | safid the Minotaur Hunter began the quest for the Orb.
     0 | D:1      | Reached XP level 1. HP: 18/18 MP: 0/0
   163 | D:1      | Reached XP level 2. HP: 25/25 MP: 1/1
   366 | D:1      | Found a faded altar of an unknown god.
   469 | D:1      | Reached skill level 5 in Ranged Weapons
   469 | D:1      | Reached XP level 3. HP: 26/31 MP: 2/2
   968 | D:2      | Identified the +0 pair of gloves "Qateepn" {rPois}
  1157 | D:2      | Reached XP level 4. HP: 28/40 MP: 3/3
  1771 | D:3      | Noticed Sabo's ghost (amateur DrBe)
  1771 | D:3      | Identified the +8 giant spiked club of Xast {vorpal, Will+}
  1771 | D:3      | Noticed an ogre
  1772 | D:3      | Noticed an ogre
  1899 | D:3      | Killed from afar by an orc priest

Illustrated notes

Levels and vault maps discovered:
D:1:      erik_arrival_triangle_medium, layout_rooms,
          shapermc_ecumenical_altar_gd
D:2:      layout_rooms, reono_crystal_passage, kennysheep_nub,
          minmay_rat_gold_closets
D:3:      layout_loops_corners, dancing_weapons_uskayaw, lightli_temple_of_fire,
          gammafunk_ghost_smash, corexii_leaking_fountain,
          minmay_randomly_rotated_circles

Skill      XL: |  1  2  3 |
---------------+----------+-----
Fighting       | 3 4 |  4.6
Ranged Weapons | 5 |  5.6
Dodging        | |  2.1
Stealth        | |  0.7

Action                   |  1- 3 |  4- 6 || total
-------------------------+-------+-------++-------
 Fire: Shortbow          |   127 |    58 ||   185
  Use: Potion            |       |     2 ||     2
Armor: Leather armour    |    23 |     5 ||    28
       Skin              |       |     4 ||     4
Dodge: Dodged            |    42 |    14 ||    56
